 Dungeon Crawl Stone Soup version 0.30.1-9-gdf580d7c3d (webtiles) character file.

Game seed: 3005078532162892612

18 Peloso the Covered (level 2, 19/19 HPs)
             Began as a Tengu Fighter on Oct 15, 2023.
             Got out of the dungeon alive.
             The game lasted 00:01:12 (475 turns).

Peloso the Covered (Tengu Fighter)                   Turns: 475, Time: 00:01:12

Health: 19/19      AC:  6    Str: 16    XL:     2   Next: 66%
Magic:  3/3        EV:  5    Int:  8    God:
Gold:   48         SH: 12    Dex: 13    Spells: 1/1 levels left

rFire   . . .        a - +0 long sword
rCold   . . .        d - +0 tower shield
rNeg    . . .        b - +0 scale mail
rPois   .            (helmet restricted)
rElec   .            (no cloak)
rCorr   .            (no gloves)
SInv    .            (boots unavailable)
Will    .....        (no amulet) Stlth
                     (no ring)
HPRegen 0.23/turn    (no ring)
MPRegen 0.08/turn

%: no passive effects
@: no status effects
A: beak, talons 3
a: no special abilities


You escaped.
You visited 1 branch of the dungeon, and saw 1 of its levels.

You collected 48 gold pieces.

Inventory:

Hand Weapons
 a - a +0 long sword (weapon)
Armour
 b - a +0 scale mail (worn)
 c - a +0 buckler
 d - a +0 tower shield (worn)
Jewellery
 f - an amulet of faith
 g - a ring of willpower
Scrolls
 h - a scroll of teleportation {unknown}
 k - a scroll of identify {unknown}
Potions
 e - 2 potions of might
 i - a potion of resistance {unknown}
 j - 2 potions of lignification {unknown}


   Skills:
 + Level 3.1 Fighting
 + Level 2.3 Long Blades
 + Level 3.6 Armour
 + Level 3.3 Shields


You had one spell level left.
You didn't know any spells.
Your spell library contained the following spells:

 Spells                   Type           Power      Damage    Failure   Level
 Summon Small Mammal      Summ           0%         N/A       100%        1
 Call Canine Familiar     Summ           0%         N/A       100%        3
 Summon Guardian Golem    Hex/Summ       0%         N/A       100%        3


Dungeon Overview and Level Annotations

Branches:
Dungeon (1/15)

Altars:


Innate Abilities, Weirdness & Mutations

You have a beak for a mouth.
You have claws for feet.


Message History

You block the bat's attack.
You completely miss the bat. Your kick misses the bat.
The bat hits you but does no damage.
You slash the bat!
You kill the bat!
You see here a bat corpse.
Found a bubbling cyan potion and a book of Callings.
You pick up a book of Callings and begin reading...
You add the spells Summon Small Mammal, Call Canine Familiar and Summon Guardian Golem to your library.
j - a bubbling cyan potion
k - a scroll labelled SAJIVY UBRERAR
Found a whip.
j - 2 bubbling cyan potions (gained 1)
A kobold comes into view. It is wielding a +0 dagger.
The kobold shouts!
The kobold throws a stone.
You block the stone.
A kobold is nearby!
A kobold is nearby!
A kobold is nearby!
The kobold throws a stone.
The stone hits you but does no damage.
Found a stone staircase leading down.
You block the kobold's attack.
You closely miss the kobold. Your kick misses the kobold.
The kobold hits you with a +0 dagger. The kobold hits you but does no damage.
You hit the kobold.
You kill the kobold!
Things that are here:
a +0 dagger; a stone; a kobold corpse
Found a whip.
Done exploring.
Done exploring.
Done exploring.
(D) Dungeon
Where to? (? - help)
What level of the Dungeon? (default 1, ? - help)
There is an empty arch of ancient stone here.
You see here 5 stones.
There is a staircase leading out of the dungeon here.
Are you sure you want to leave the Dungeon?
This will make you lose the game!
You have escaped!

#....# ##.# ###...# #############
###..#####.....# ......#
#...)...##.#.### ......#
#.......##.#.###### ......#
####.......#....#..... ......#
##.............###.....
......#####.............)........
......##....######....#....#.....
......##......##@##..............
.........######...###..##########
............#...≈...#..##.......#
.........####.8.≈.8.#..##.......#
.#.##..#.# #...≈...#>..........#
...##....# #.8.≈.8.#..##.......#
#..#.....# #...≈(..#..##.......#
##...#...# #.8.≈.8.#..##.......#
###.##.#.# #...≈...#.........>.#


There were no monsters in sight!

Vanquished Creatures
  2 dart slugs (D:1)
  A ball python (D:1)
  A bat (D:1)
  An endoplasm (D:1)
  A giant cockroach (D:1)
  A goblin (D:1)
  A hobgoblin (D:1)
  A quokka (D:1)
  A frilled lizard (D:1)
  2 kobolds (D:1)
12 creatures vanquished.

Notes
Turn   | Place    | Note
-------+----------+-------------------------------------------
     0 | D:1      | Peloso the Tengu Fighter began the quest for the Orb.
     0 | D:1      | Reached XP level 1. HP: 14/14 MP: 2/2
   134 | D:1      | Reached XP level 2. HP: 19/19 MP: 3/3
   475 | D:$      | Got out of the dungeon alive.

Illustrated notes

Levels and vault maps discovered:
D:1:      mainiacjoe_arrival_reflecting_pool, layout_rooms, minmay_pentomino_p2

Action                     || total
---------------------------++-------
  Melee: Long sword        ||    35
         Kick              ||     7
         Peck              ||     6
 Armour: Scale mail        ||    11
  Dodge: Dodged            ||     5
  Block: Tower shield      ||    21
